 Dungeon Crawl Stone Soup version 0.23-a0-33-g1e3a2e4e2f (webtiles) character file.

3411 Rrauwl the Blocker (level 10, -9/80 HPs)
             Began as a Gnoll Fighter on Aug 5, 2018.
             Was a Priest of Nemelex Xobeh.
             Mangled by a white very ugly thing (19 damage)
             ... on level 1 of the Abyss.
             The game lasted 00:26:32 (5677 turns).

Rrauwl the Blocker (Gnoll Fighter)                  Turns: 5677, Time: 00:26:34

Health: -9/80      AC: 23    Str: 22    XL:     10   Next: 4%
Magic:  0/17       EV:  8    Int: 10    God:    Nemelex Xobeh [***...]
Gold:   349        SH: 12    Dex: 17    Spells: 18/18 levels left

rFire    . . .     SeeInvis .   a - +0 long sword
rCold    + . .     Gourm    .   q - +0 shield
rNeg     . . .     Faith    .   s - +3 plate armour
rPois    .         Spirit   +   u - +1 helmet
rElec    .         Reflect  .   C - +0 cloak
rCorr    .         Harm     .   r - +0 pair of gloves (curse)
MR       .....     Clarity  +   y - +0 pair of boots
Stlth    ..........             k - amulet of guardian spirit
HPRegen  0.23/turn              b - ring of wizardry
MPRegen  0.15/turn              D - ring of protection from cold

@: about to teleport
A: distributed training, fangs 1, agile 1, clarity, strong nose
a: Triple Draw, Renounce Religion


You were on level 1 of the Abyss.
You worshipped Nemelex Xobeh.
Nemelex Xobeh was most pleased with you.
You were not hungry.

You visited 2 branches of the dungeon, and saw 8 of its levels.
You visited the Abyss 1 time.
You also visited: Ossuary.

You collected 349 gold pieces.

Inventory:

Hand Weapons
 a - a +0 long sword (weapon)
 c - a +1 vampiric short sword
Missiles
 h - 6 tomahawks (quivered)
 o - 4 javelins of returning
Armour
 f - the +5 ring mail of the Hidden Vale {rElec MR+ Str-2 Dex+4}
   (You found it on level 1 of the Abyss)

   It affects your strength (-2).
   It affects your dexterity (+4).
   It insulates you from electricity.
   It affects your resistance to hostile enchantments.
 j - a +1 hat
 q - a +0 shield (worn)
 r - a cursed +0 pair of gloves (worn)
 s - a +3 plate armour (worn)
 u - a +1 helmet (worn)
 y - a +0 pair of boots (worn)
 C - a +0 cloak (worn)
Jewellery
 b - a ring of wizardry (left hand)
 k - an amulet of guardian spirit (around neck)
 D - a ring of protection from cold (right hand)
Wands
 z - a wand of digging (8)
Scrolls
 d - 2 scrolls of teleportation
 g - a scroll of magic mapping
 i - 6 scrolls of identify
 t - 3 scrolls of remove curse
Potions
 n - a potion of curing
 p - a potion of resistance
 v - 2 potions of haste
 w - a potion of might
 x - 2 potions of flight
Miscellaneous
 l - a plain deck of escape {drawn: 4}
 A - a plain deck of destruction {drawn: 4}
 B - a plain deck of summoning
 G - a plain deck of summoning
Comestibles
 e - 10 rations


   Skills:
 + Level 8.2 Fighting
 + Level 4.7 Short Blades
 + Level 6.7 Long Blades
 + Level 4.7 Axes
 + Level 4.7 Maces & Flails
 + Level 4.7 Polearms
 + Level 4.7 Staves
 + Level 4.7 Slings
 + Level 4.7 Bows
 + Level 4.7 Crossbows
 + Level 4.7 Throwing
 + Level 8.2 Armour
 + Level 4.7 Dodging
 + Level 4.7 Stealth
 + Level 8.2 Shields
 + Level 4.7 Unarmed Combat
 + Level 4.7 Spellcasting
 + Level 3.9 Conjurations
 + Level 3.9 Hexes
 + Level 3.9 Charms
 + Level 3.9 Summonings
 + Level 3.9 Necromancy
 + Level 3.9 Translocations
 + Level 3.9 Transmutations
 + Level 3.9 Fire Magic
 + Level 3.9 Ice Magic
 + Level 3.9 Air Magic
 + Level 3.9 Earth Magic
 + Level 3.9 Poison Magic
 + Level 5.2 Invocations
 + Level 4.7 Evocations


You had 18 spell levels left.
You didn't know any spells.
Your spell library contained the following spells:

 Spells                   Type           Power        Failure   Level  Hunger
 Magic Dart               Conj           ##..         54%         1    #......
 Confuse                  Hex            ##......     88%         3    ###....
 Iskenderun's Mystic Bla  Conj           ##......     99%         4    #####..
 Tukima's Dance           Hex            ##......     88%         3    ###....
 Confusing Touch          Hex            ##....       54%         1    #......
 Ensorcelled Hibernation  Hex/Ice        ##....       69%         2    ##.....
 Metabolic Englaciation   Hex/Ice        ##........   100%        5    ######.
 Corona                   Hex            ##.....      54%         1    #......
 Petrify                  Tmut/Erth      ##......     99%         4    #####..
 Fulminant Prism          Conj/Hex       ##........   99%         4    #####..
 Dazzling Spray           Conj/Hex       ##....       88%         3    ###....
 Force Lance              Conj/Tloc      ##......     99%         4    #####..
 Searing Ray              Conj           ##....       69%         2    ##.....
 Gell's Gravitas          Tloc           ##........   88%         3    ###....
 Yara's Violent Unravell  Hex/Tmut       ##........   100%        5    ######.


Dungeon Overview and Level Annotations

Branches:
Dungeon (7/15)             Temple (1/1) D:7

Altars:
Ashenzari
Cheibriados
Dithmenos
Elyvilon
Fedhas
Gozag
Hepliaklqana
Kikubaaqudgha
Makhleb
Nemelex Xobeh
Okawaru
Qazlal
Ru
Sif Muna
Trog
Uskayaw
Vehumet
Wu Jian
Xom
Yredelemnul
Zin
The Shining One

Shops:
D:2 *


Innate Abilities, Weirdness & Mutations

Your experience applies equally to all skills.
You have very sharp teeth.
Your uncanny sense of smell can sniff out nearby items.
You are agile. (Dex +2)
You possess an exceptional clarity of mind.


Message History

Your insubstantial wisp resists.
Your insubstantial wisp is destroyed!
Your insubstantial wisp blinks!
The insubstantial wisp hits something!
The insubstantial wisp blinks!
You block the insubstantial wisp's attack.
Unknown command.
Unknown command.
Unknown command.
Okay, then.
Unknown command.
Evoke which item? (* to show all) (? for menu, Esc to quit)
You draw a card...
It is the Tomb.
Walls emerge from the floor!
The shadow dragon skeleton bites something but does no damage.
The shadow dragon skeleton barely misses something.
The shadow dragon skeleton claws something.
The white very ugly thing tentacle-slaps you!
* * * LOW HITPOINT WARNING * * *
The white very ugly thing freezes you!! You resist.
You die...
Your body glows with a rainbow of weird colours and disappears.

### ..# ..
#######v.###
.
#.uu##lY...#
.
#u##@#.§...#
'#
#.##§vZl...#
.########## #
.# . ### # ##
#.# ... u .
..#4#
....#####.#u#
.u. .. . # #
..## u .# #


You could see 2 very ugly things, an insubstantial wisp, a shadow dragon
skeleton and a friendly basilisk.

Vanquished Creatures
  A raiju (Abyss:1)
  A ynoxinul (Abyss:1)
  Duvessa (D:6)
  A sky beast (D:6)
  An ogre (D:7)
  A centaur (D:3)
  A bullfrog (D:6)
  Dowan (D:6)
  9 scorpions (Ossuary)
  2 crimson imps
  A small abomination (Abyss:1)
  A bullfrog skeleton (D:4)
  A human zombie (Ossuary)
  2 jellies
  9 orc wizards
  An orc priest (D:3)
  2 hounds
  An iguana (D:7)
  3 worker ants
  3 big kobold zombies (Ossuary)
  2 hound zombies (D:5)
  2 mummies (Ossuary)
  A gnoll (D:7)
  14 adders
  3 scorpion zombies (Ossuary)
  A shadow imp (D:6)
  An ooze (D:4)
  An adder skeleton (D:4)
  5 worms
  3 dart slugs
  3 leopard geckos
  17 orcs
  4 giant cockroaches
  6 goblins
  6 hobgoblins
  13 jackals
  11 kobolds
  3 quokkas
  5 bats
  2 frilled lizards
  A gnoll zombie (Ossuary)
  2 goblin zombies (Ossuary)
  2 hobgoblin zombies (Ossuary)
  2 kobold zombies (Ossuary)
  2 quokka zombies (D:5)
  6 rats
161 creatures vanquished.

Vanquished Creatures (collateral kills)
  2 lorocyprocas (Abyss:1)
  Prince Ribbit (D:6)
  An ice beast (D:6)
  A howler monkey (D:6)
  An orc (D:6)
6 creatures vanquished.

Vanquished Creatures (others)
  A scorpion (Ossuary)
  An orc wizard (D:3)
  A mummy (Ossuary)
  An orc zombie (Ossuary)
4 creatures vanquished.

Grand Total: 171 creatures vanquished

Notes
Turn   | Place    | Note
-------+----------+-------------------------------------------
     0 | D:1      | Rrauwl the Gnoll Fighter began the quest for the Orb.
     0 | D:1      | Reached XP level 1. HP: 23/23 MP: 1/1
   271 | D:1      | Reached XP level 2. HP: 24/29 MP: 2/2
   529 | D:1      | Found a sparkling altar of Nemelex Xobeh.
   557 | D:1      | Became a worshipper of Nemelex Xobeh the Trickster
   890 | D:2      | Reached XP level 3. HP: 35/35 MP: 3/3
   895 | D:2      | Found a shimmering altar of Xom.
   975 | D:2      | Received a gift from Nemelex Xobeh
  1011 | D:2      | Reached skill level 1 in Invocations
  1065 | D:2      | Reached skill level 1 in Short Blades
  1065 | D:2      | Reached skill level 1 in Axes
  1065 | D:2      | Reached skill level 1 in Maces & Flails
  1065 | D:2      | Reached skill level 1 in Polearms
  1065 | D:2      | Reached skill level 1 in Staves
  1065 | D:2      | Reached skill level 1 in Slings
  1065 | D:2      | Reached skill level 1 in Bows
  1065 | D:2      | Reached skill level 1 in Crossbows
  1065 | D:2      | Reached skill level 1 in Throwing
  1065 | D:2      | Reached skill level 1 in Dodging
  1065 | D:2      | Reached skill level 1 in Stealth
  1065 | D:2      | Reached skill level 1 in Unarmed Combat
  1065 | D:2      | Reached skill level 1 in Spellcasting
  1065 | D:2      | Reached skill level 1 in Evocations
  1204 | D:2      | Reached XP level 4. HP: 37/41 MP: 5/5
  1246 | D:2      | Found an opulent altar of Gozag.
  1248 | D:2      | Found Gozag's Platinum Reserve.
  1378 | D:2      | Found a glowing golden altar of the Shining One.
  1609 | D:3      | Noticed a centaur
  1622 | D:3      | Killed a centaur
  1622 | D:3      | Reached skill level 1 in Conjurations
  1622 | D:3      | Reached skill level 1 in Hexes
  1622 | D:3      | Reached skill level 1 in Charms
  1622 | D:3      | Reached skill level 1 in Summonings
  1622 | D:3      | Reached skill level 1 in Necromancy
  1622 | D:3      | Reached skill level 1 in Translocations
  1622 | D:3      | Reached skill level 1 in Transmutations
  1622 | D:3      | Reached skill level 1 in Fire Magic
  1622 | D:3      | Reached skill level 1 in Ice Magic
  1622 | D:3      | Reached skill level 1 in Air Magic
  1622 | D:3      | Reached skill level 1 in Earth Magic
  1622 | D:3      | Reached skill level 1 in Poison Magic
  1622 | D:3      | Reached XP level 5. HP: 23/47 MP: 4/7
  1829 | D:3      | Reached * piety under Nemelex Xobeh
  1953 | D:3      | Reached XP level 6. HP: 46/53 MP: 6/8
  2171 | D:3      | Reached skill level 5 in Long Blades
  2565 | D:4      | Reached XP level 7. HP: 54/59 MP: 10/10
  2652 | D:4      | Received a gift from Nemelex Xobeh
  2773 | D:4      | Gained mutation: You possess an exceptional clarity of mind. [potion of mutation]
  2773 | D:4      | Gained mutation: You are agile. (Dex +2) [potion of mutation]
  2801 | D:4      | Found a deep blue altar of Sif Muna.
  2808 | D:4      | Found a stormy altar of Qazlal.
  2809 | D:4      | Found a radiant altar of Vehumet.
  3061 | D:5      | Entered Level 5 of the Dungeon
  3200 | D:5      | Found a sand-covered staircase.
  3216 | Ossuary  | Entered an ossuary
  3376 | Ossuary  | Reached ** piety under Nemelex Xobeh
  3402 | Ossuary  | Reached XP level 8. HP: 60/67 MP: 10/12
  3915 | D:5      | Received a gift from Nemelex Xobeh
  4403 | D:6      | Noticed Dowan
  4418 | D:6      | Noticed Duvessa
  4435 | D:6      | Killed Duvessa
  4439 | D:6      | Killed Dowan
  4496 | D:6      | Noticed Prince Ribbit
  4506 | D:6      | Killed Prince Ribbit
  4506 | D:6      | Reached XP level 9. HP: 41/72 MP: 8/14
  4675 | D:6      | Found a sparkling altar of Nemelex Xobeh.
  4900 | D:6      | Received a gift from Nemelex Xobeh
  4979 | D:7      | Found a staircase to the Ecumenical Temple.
  5008 | Temple   | Entered the Ecumenical Temple
  5211 | D:7      | Reached *** piety under Nemelex Xobeh
  5319 | D:7      | Cast into level 1 of the Abyss (orc)
  5402 | Abyss:1  | Noticed an orange demon
  5409 | Abyss:1  | Received a gift from Nemelex Xobeh
  5438 | Abyss:1  | Noticed a lorocyproca
  5446 | Abyss:1  | Killed a lorocyproca
  5448 | Abyss:1  | Killed a lorocyproca
  5448 | Abyss:1  | Reached skill level 5 in Invocations
  5448 | Abyss:1  | Reached XP level 10. HP: 15/80 MP: 0/17
  5451 | Abyss:1  | HP: 3/80 [killer bee[the player character] (7)]
  5462 | Abyss:1  | Got a heavily runed ring mail
  5463 | Abyss:1  | Identified the +5 ring mail of the Hidden Vale {rElec MR+ Str-2 Dex+4} (You found it on level 1 of the Abyss)
  5610 | Abyss:1  | Noticed a tentacled starspawn
  5630 | Abyss:1  | Noticed a white ugly thing
  5630 | Abyss:1  | Noticed a white very ugly thing
  5631 | Abyss:1  | Noticed a white very ugly thing
  5631 | Abyss:1  | Noticed a white ugly thing
  5677 | Abyss:1  | Mangled by a white very ugly thing

Vault maps used:
D:1:      dpeg_arrival_brainrot, nemelex_xobeh_ov_fountains_minmay
D:2:      xom_teletrap_fun, nicolae_gozag_zags_fifth_avenue, lemuel_round_altar
D:4:      minitemple, first_ration
D:5:      enter_ossuary_4, hangedman_decor_opposing
D:6:      small_statue_alley_b, nemelex_lonely_heart_becter, uniq_duvessa,
          uniq_prince_ribbit1
D:7:      minmay_temple_entry_trees, gammafunk_ghost_mausoleum
Temple:   eino_temple_rhombus
Ossuary:  ossuary_minmay_scorpions

Skill      XL: |  1  2  3  4  5  6  7  8  9 |
---------------+----------------------------+-----
Invocations    | 1 2 3 4 5 |  5.2
Short Blades   | 1 2 3 4 |  4.7
Axes           | 1 2 3 4 |  4.7
Maces & Flails | 1 2 3 4 |  4.7
Polearms       | 1 2 3 4 |  4.7
Staves         | 1 2 3 4 |  4.7
Slings         | 1 2 3 4 |  4.7
Bows           | 1 2 3 4 |  4.7
Crossbows      | 1 2 3 4 |  4.7
Throwing       | 1 2 3 4 |  4.7
Dodging        | 1 2 3 4 |  4.7
Stealth        | 1 2 3 4 |  4.7
Unarmed Combat | 1 2 3 4 |  4.7
Spellcasting   | 1 2 3 4 |  4.7
Evocations     | 1 2 3 4 |  4.7
Conjurations   | 1 2 3 |  3.9
Hexes          | 1 2 3 |  3.9
Charms         | 1 2 3 |  3.9
Summonings     | 1 2 3 |  3.9
Necromancy     | 1 2 3 |  3.9
Translocations | 1 2 3 |  3.9
Transmutations | 1 2 3 |  3.9
Fire Magic     | 1 2 3 |  3.9
Ice Magic      | 1 2 3 |  3.9
Air Magic      | 1 2 3 |  3.9
Earth Magic    | 1 2 3 |  3.9
Poison Magic   | 1 2 3 |  3.9
Long Blades    | 5 6 |  6.7
Fighting       | 7 8 |  8.2
Armour         | 7 8 |  8.2
Shields        | 7 8 |  8.2

Action                   |  1- 3 |  4- 6 |  7- 9 | 10-12 || total
-------------------------+-------+-------+-------+-------++-------
Melee: Long sword        |    87 |   128 |   477 |    32 ||   724
       Bite              |    13 |    13 |    83 |     6 ||   115
Throw: Javelin           |       |    10 |       |       ||    10
       Tomahawk          |       |     4 |     5 |       ||     9
Evoke: Deck              |       |       |     9 |    10 ||    19
  Use: Potion            |     1 |     6 |     8 |     1 ||    16
       Scroll            |     1 |     5 |     5 |     3 ||    14
 Stab: Sleeping          |       |     2 |       |       ||     2
       Distracted        |       |       |     2 |       ||     2
       Fleeing           |       |       |       |     1 ||     1
  Eat: Chunk             |     1 |     5 |     6 |     1 ||    13
       Ration            |       |       |     1 |       ||     1
Armor: Scale mail        |     5 |       |       |       ||     5
       Ring mail         |    29 |    35 |     9 |       ||    73
       Plate armour      |       |       |   190 |    24 ||   214
       Skin              |       |       |     6 |       ||     6
Dodge: Dodged            |    30 |    38 |    99 |     9 ||   176
Block: Shield            |    61 |    59 |   243 |    20 ||   383
       Rpst.: Long sword |     9 |    10 |    32 |     1 ||    52

Table legend:
 A = Spawn XP
 B = Non-spawn XP
 C = Spawn XP percentage of total XP
 D = Spawn monster count
 E = Non-spawn monster count
 F = Spawn count percentage of total count
 G = Total turns spent on level
                    A         B        C        D         E        F      G
               +---------+---------+-------+---------+---------+-------+---------
         Total |    1736 |    3137 |  35.6 |       4 |     163 |   2.4 |  5677
               +---------+---------+-------+---------+---------+-------+---------
           D:1 |       0 |      30 |   0.0 |       0 |      17 |   0.0 |   883
           D:2 |       0 |      82 |   0.0 |       0 |      20 |   0.0 |   640
           D:3 |       0 |     383 |   0.0 |       0 |      31 |   0.0 |   840
           D:4 |       0 |     365 |   0.0 |       0 |      27 |   0.0 |   700
           D:5 |       0 |     198 |   0.0 |       0 |      10 |   0.0 |   662
           D:6 |       0 |     847 |   0.0 |       0 |      18 |   0.0 |   645
           D:7 |       0 |     324 |   0.0 |       0 |      14 |   0.0 |   203
       Abyss:1 |    1736 |     176 |  90.8 |       4 |       1 |  80.0 |   358
       Ossuary |       0 |     732 |   0.0 |       0 |      25 |   0.0 |   559
               +---------+---------+-------+---------+---------+-------+---------
